 Dungeon Crawl Stone Soup version 0.19.0-11-g3fc08b3 (webtiles) character file.

53 Andry07 the Skirmisher (level 3, -2/26 HPs)
             Began as a Gargoyle Fighter on Nov 10, 2016.
             Slain by Natasha (5 damage)
             ... on level 2 of the Dungeon.
             The game lasted 00:01:18 (907 turns).

Andry07 the Skirmisher (Gargoyle Fighter)            Turns: 907, Time: 00:01:19

Health: -2/26      AC: 10    Str: 19    XL:     3   Next: 87%
Magic:  3/3        EV:  7    Int:  8    God:
Gold:   72         SH:  9    Dex: 10    Spells: 0 memorised, 2 levels left

rFire  . . .     SeeInvis .     a - +0 flail
rCold  . . .     Gourm    .     b - +0 scale mail
rNeg   + . .     Faith    .     c - +0 shield
rPois  ∞         Spirit   .     (no helmet)
rElec  +         Reflect  .     (no cloak)
rCorr  .         Harm     .     (no gloves)
MR     .....                    (no boots)
Stlth  ..........               (no amulet)
                                (no ring)
                                (no ring)

@: slowed, very slow
A: negative energy resistance 1, electricity resistance, unbreathing,
petrification resistance, rot immunity, AC +3
a: no special abilities


You were on level 2 of the Dungeon.
You were not hungry.

You visited 1 branch of the dungeon, and saw 2 of its levels.

You collected 72 gold pieces.

Inventory:

Hand Weapons
 a - a +0 flail (weapon)
Armour
 b - a +0 scale mail (worn)
 c - a +0 shield (worn)
Jewellery
 m - an uncursed ring of magical power {unknown}
Scrolls
 e - 3 scrolls of remove curse {unknown}
 g - a scroll of noise {unknown}
 h - a scroll of identify {unknown}
 k - a scroll of immolation {unknown}
 l - a scroll of fear {unknown}
Potions
 d - a potion of might
 i - a potion of curing
 j - a potion of brilliance {unknown}
 n - 3 potions of cancellation {unknown}
Comestibles
 f - 2 bread rations
 o - 6 chunks of flesh


   Skills:
 + Level 5.1 Fighting
 - Level 2.0 Maces & Flails
 - Level 3.2 Armour
 - Level 3.2 Shields


You had 2 spell levels left.
You didn't know any spells.

Dungeon Overview and Level Annotations

Branches:
Dungeon (2/15)

Altars:
Cheibriados

Annotations:
D:2 Natasha


Innate Abilities, Weirdness & Mutations

You are resistant to torment.
Your stone body is resilient. (AC +3)
You are immune to poison.
You resist negative energy. (rN+)
You are resistant to electric shocks. (rElec)
You can survive without breathing.
You are immune to petrification.
You are immune to rotting.


Message History

The magic dart hits you! The crimson imp closely misses you.
Natasha completely misses you.
The crimson imp hits you but does no damage.
You hit Natasha.
Natasha is lightly wounded.
Natasha claws you.
* * * LOW HITPOINT WARNING * * *
The crimson imp blinks!
You block Natasha's attack.
You closely miss Natasha.
Natasha is lightly wounded.
The crimson imp blinks!
Natasha claws you but does no damage. You block Natasha's attack.
You hit Natasha.
Natasha is heavily wounded.
Natasha drinks a potion.
Natasha is healed!
Natasha claws you but does no damage.
You closely miss Natasha.
Natasha is lightly wounded.
Natasha claws you.
You die...

.......... ####
####.........
............
#..........
#.5?....... #.#
#.# #h# #@# #.#
#.#
#.################
#.................
##################


You could see Natasha and a crimson imp.

Vanquished Creatures
  2 adders (D:2)
  4 leopard geckos
  A ball python (D:1)
  A bat (D:1)
  A giant cockroach (D:1)
  4 goblins
  3 hobgoblins
  2 jackals (D:2)
  A quokka (D:2)
  5 frilled lizards (D:1)
  4 kobolds
  2 rats
30 creatures vanquished.

Vanquished Creatures (others)
  4 toadstools (D:1)
4 creatures vanquished.

Grand Total: 34 creatures vanquished

Notes
Turn   | Place    | Note
-------+----------+-------------------------------------------
     0 | D:1      | Andry07 the Gargoyle Fighter began the quest for the Orb.
     0 | D:1      | Reached XP level 1. HP: 14/14 MP: 1/1
     0 | D:1      | Found a snail-covered altar of Cheibriados.
    83 | D:1      | Reached XP level 2. HP: 17/20 MP: 2/2
   104 | D:1      | Reached skill level 4 in Fighting
   534 | D:2      | Reached XP level 3. HP: 20/24 MP: 3/3
   888 | D:2      | Noticed Natasha
   894 | D:2      | Reached skill level 5 in Fighting
   907 | D:2      | Slain by Natasha

Skill      XL: |  1  2  3 |
---------------+----------+-----
Fighting       | 4 5 |  5.1
Maces & Flails | |  2.0
Armour         | |  3.2
Shields        | |  3.2

Action                   || total
-------------------------++-------
Melee: Flail             ||   125
Armor: Scale mail        ||    82
Dodge: Dodged            ||    33
Block: Shield            ||    65
